Map: Tours du crépuscule

Players

AtoM

  • Race: Terran Terran
  • League: Master

IA (très facile) - Winner!

  • Race: Protoss Protoss

VOD

https://youtu.be/AcL0d_Nj674

Description

00:18 14 Suplly
00:41 16 Barrack
00:45 16 Gaz n°1
01:28 19 Orbital Station
01:29 20 Reaper
01:40 20 Command Center
01:53 20 Suplly
02:01 21 Reacteur Barrack
02:22 23 Factory
02:27 23 Gaz n°2
02:49 25 Lab tech Barrack
03:10 17 Starport
03:13 31 Double mines
03:23 33 Command Center
Start the continuous supply production
03:38 36 Marine
03:44 42 Double Helions
03:52 42 Enginnering bays
04:06 50 Double Helions
Start the continuous raven production
04:17 52 Gaz n°3 et n°4
04:26 Double mines
04:40 62 Orbital Station
04:40 Medivac
Start continuous helion production
05:20 72 Armory
05:50 77 Triple Factory
06:10 1 Attack ground
06:17 91 Gaz n°5 et n°6
06:17 98 Starport + reacteur
06:50 101 Triple lab tech Factory
07:05 Start continuous Thors production
07:10 Bleu Flame
8:00 Start continuous Liberators production
08:00 Command Center
08:01 Gaz n°7 et n°8
08:30 2 ground attack mec
9:15 Start the push

Time

  • Played on: Feb. 20, 2016, 5:40 a.m.
  • Length: 10:44
Show
View Real Time Build Order
Export as new Build Order

AtoM Terran 

Build Orders: Reaper Expand, Mech 

Get SALT Encoding   

  12  0:01  SCV  
  13  0:13  SCV  
  14  0:17  Supply Depot  
  14  0:25  SCV  
  15  0:39  Barracks, SCV  
  16  0:44  Refinery  
  16  0:51  SCV  
  17  1:03  SCV  
  18  1:15  SCV  
  19  1:27  Orbital Command  
  19  1:28  Reaper  
  20  1:40  Command Center  
  20  1:52  Supply Depot  
  20  1:53  SCV  
  21  2:01  Barracks Reactor  
  21  2:05  SCV  
  22  2:18  SCV  
  22  2:21  Factory  
  23  2:27  Refinery  
  23  2:30  SCV  
  24  2:42  SCV  
  25  2:49  Barracks Tech Lab  
  25  2:51  Orbital Command  
  25  2:54  SCV  
  26  3:06  SCV  
  26  3:11  Starport, Widow Mine  
  26  3:12  Widow Mine  
  31  3:18  SCV  
  31  3:19  SCV  
  33  3:25  Command Center  
  33  3:30  SCV  
  33  3:31  Supply Depot, SCV  
  35  3:35  Marine  
  36  3:42  SCV  
  36  3:43  Hellion x2, SCV  
  42  3:50  Bunker  
  42  3:52  Engineering Bay  
  42  3:54  SCV  
  42  3:55  SCV  
  44  3:56  Raven  
  46  4:04  Hellion x2  
  46  4:06  SCV  
  46  4:07  SCV  
  52  4:16  Refinery  
  52  4:18  Refinery  
  52  4:19  SCV x2  
  54  4:27  Missile Turret  
  54  4:28  Missile Turret  
  54  4:36  Widow Mine x2, SCV x2  
  61  4:39  Medivac  
  61  4:40  Supply Depot  
  61  4:42  Orbital Command  
  62  4:48  SCV x2  
  64  5:00  SCV x2  
  66  5:13  Orbital Command  
  67  5:14  SCV x2  
  67  5:15  Hellion x2  
  67  5:18  Armory  
  72  5:21  Supply Depot  
  72  5:22  Supply Depot  
  72  5:26  SCV  
  73  5:31  SCV  
  74  5:38  SCV  
  74  5:39  SCV  
  76  5:43  SCV  
  77  5:50  SCV  
  77  5:51  SCV  
  77  5:52  Raven  
  77  5:54  Hellion  
  77  5:55  Hellion, SCV  
  86  6:01  Factory  
  86  6:02  Factory x2, SCV  
  86  6:03  SCV  
  88  6:07  SCV  
  89  6:13  Missile Turret  
  89  6:14  SCV  
  89  6:15  SCV  
  89  6:16  Refinery  
  89  6:17  Refinery  
  93  6:18  Hellion  
  93  6:24  Hellion, SCV  
  96  6:26  Supply Depot, SCV  
  96  6:27  SCV  
  96  6:28  Terran Vehicle Weapons Level 1  
  96  6:31  Supply Depot x2  
  98  6:35  Raven  
  98  6:36  SCV  
  101  6:46  Factory Tech Lab  
  101  6:47  Hellion x2, SCV x2, Factory Tech Lab x2  
  101  6:48  SCV  
  108  6:57  Supply Depot  
  108  6:58  Supply Depot  
  108  6:59  Supply Depot  
  108  7:02  Starport  
  108  7:04  Barracks Reactor  
  108  7:06  Thor x2  
  120  7:08  Infernal Pre-Igniter  
  120  7:10  Hellion x2  
  120  7:13  Supply Depot  
  124  7:17  Thor  
  124  7:19  Supply Depot  
  124  7:20  Supply Depot  
  124  7:22  Raven  
  132  7:32  Hellion  
  134  7:40  Liberator  
  134  7:53  Thor x2  
  149  8:00  Hellbat x3  
  155  8:06  Liberator  
  155  8:14  Supply Depot x2  
  155  8:15  Command Center  
  155  8:16  Refinery  
  155  8:18  Refinery  
  155  8:20  Raven  
  155  8:21  Hellbat  
  155  8:22  Hellbat  
  155  8:26  Hellbat  
  166  8:28  Terran Vehicle Weapons Level 2  
  166  8:36  Hellbat x2  
  170  8:43  Hellbat  
  170  8:47  Supply Depot  
  172  8:48  Supply Depot  
  172  8:49  Thor  
  172  8:50  Supply Depot  
  172  8:52  Liberator x2  
  178  8:57  Thor  
  178  8:58  Hellbat x2  
  188  9:06  Hellbat  
  196  9:19  Hellbat  
  196  9:20  Hellbat  
  200  9:33  Missile Turret  
Show
View Real Time Build Order
Export as new Build Order

IA (très facile) Protoss - Winner!

Build Orders:  

Get SALT Encoding   

  12  0:01  Probe (Chrono Boost)  
  13  0:11  Probe (Chrono Boost)  
  14  0:20  Pylon  
  14  0:36  Assimilator  
  14  0:42  Gateway  
  14  0:46  Pylon  
  14  1:15  Assimilator  
  14  1:27  Zealot  
  14  1:28  Probe (Chrono Boost)  
  14  1:31  Cybernetics Core  
  17  1:39  Probe (Chrono Boost)  
  18  1:50  Probe (Chrono Boost)  
  19  1:56  Warp Gate  
  20  2:01  Probe (Chrono Boost)  
  20  2:12  Probe (Chrono Boost)  
  21  2:24  Probe (Chrono Boost)  
  22  2:41  Stalker  
  24  4:14  Probe (Chrono Boost)  
  24  6:59  Probe (Chrono Boost)  
  24  7:19  Pylon, Adept  
  24  7:20  Probe (Chrono Boost)  
  24  7:22  Robotics Facility  
  27  7:25  Nexus  
  27  7:31  Probe (Chrono Boost)  
  28  7:42  Probe (Chrono Boost)  
  27  7:53  Probe (Chrono Boost)  
  27  7:56  Pylon  
  26  8:04  Probe (Chrono Boost)  
  27  8:08  Observer  
  28  8:15  Zealot  
  30  8:29  Observer  
  31  8:40  Probe (Chrono Boost)  
  32  8:44  Assimilator  
  32  8:45  Probe (Chrono Boost)  
  33  8:48  Assimilator  
  33  8:53  Probe (Chrono Boost)  
  34  9:00  Probe (Chrono Boost)  
  35  9:08  Probe (Chrono Boost)  
  36  9:12  Stalker  
  36  9:14  Probe (Chrono Boost)  
  39  9:22  Probe (Chrono Boost)  
  40  9:28  Probe (Chrono Boost)  
  41  9:36  Probe (Chrono Boost)  
  42  9:43  Probe (Chrono Boost)  
  43  9:46  Observer  
  43  9:51  Probe (Chrono Boost)  
  44  9:57  Probe (Chrono Boost)  
  45  10:06  Probe (Chrono Boost)  
  39  10:08  Zealot  
  39  10:12  Probe (Chrono Boost)  
  39  10:18  Pylon  
  39  10:20  Probe (Chrono Boost)  
  38  10:26  Probe (Chrono Boost)  
Tags
 
Add a new tag
Caveats
  • Supply blocks, unpowered buildings, or Contaminate may cause inaccurate times.
  • Supply counts are checked every 10 seconds.